 Dungeon Crawl Stone Soup version 0.20.1-1-g8b1a95d (webtiles) character file.

20 NoNouf the Ruffian (level 2, 29/29 HPs)
             Began as an Ogre Transmuter on July 12, 2017.
             Quit the game on level 2 of the Dungeon on July 18, 2017.
             The game lasted 00:08:02 (548 turns).

NoNouf the Ruffian (Ogre Transmuter)                 Turns: 548, Time: 00:08:04

Health: 29/29      AC:  3    Str: 13    XL:     2   Next: 79%
Magic:  5/5        EV: 10    Int: 14    God:
Gold:   48         SH:  0    Dex:  9    Spells: 3/6 levels left

rFire    . . .     SeeInvis .     - Unarmed
rCold    . . .     Gourm    .   (no shield)
rNeg     . . .     Faith    .   b - +0 robe
rPois    .         Spirit   .   (helmet restricted)
rElec    .         Reflect  .   (no cloak)
rCorr    .         Harm     .   (gloves unavailable)
MR       .....                  (boots unavailable)
Stlth    +.........             (no amulet)
Regen    0.1/turn               (no ring)
MPRegen  0.1/turn               (no ring)

@: no status effects
A: unfitting armour, tough skin 1
a: no special abilities


You were on level 2 of the Dungeon.
You were not hungry.

You visited 1 branch of the dungeon, and saw 2 of its levels.

You collected 48 gold pieces.

Inventory:

Hand Weapons
 e - a cursed -3 short sword
Missiles
 a - 12 arrows
 l - 4 large rocks (quivered)
Armour
 b - a +0 robe (worn)
Scrolls
 f - 2 scrolls of teleportation {unknown}
 g - 4 scrolls of identify {unknown}
 i - a scroll of enchant weapon {unknown}
 o - a scroll of fear {unknown}
Potions
 h - a potion of haste {unknown}
 m - a potion of curing {unknown}
 n - a potion of heal wounds {unknown}
Books
 c - a book of Changes

   Spells                             Type                      Level
   a - Beastly Appendage              Transmutation                1
   b - Sticks to Snakes               Transmutation                2
   c - Spider Form                    Transmutation/Poison         3
   d - Ice Form                       Ice/Transmutation            4
   e - Blade Hands                    Transmutation                5
Comestibles
 d - 3 bread rations
 j - 4 chunks of flesh
 k - a royal jelly


   Skills:
 - Level 2.4 Fighting
 - Level 2.2 Dodging
 - Level 2.6 Unarmed Combat
 + Level 2.5 Spellcasting
 + Level 2.0 Transmutations


You had 3 spell levels left.
You knew the following spells:

 Your Spells              Type           Power        Failure   Level  Hunger
a - Beastly Appendage     Tmut           #.....       10%         1    #......
b - Sticks to Snakes      Tmut           #.......     16%         2    ###....


Dungeon Overview and Level Annotations

Branches:
Dungeon (2/15)

Altars:


Innate Abilities, Weirdness & Mutations

You are too large for most types of armour.
You have tough skin. (AC +1)


Message History

Casting: Beastly Appendage
Confirm with . or Enter, or press ? or * to list all spells.
Okay, then.
o - a scroll labeled JUTHIF MEDUTI
Things that are here:
a club; a goblin skeleton HP restored.
Some of the chunks of flesh in your inventory have rotted away.
Done exploring.
There is a stone staircase leading down here.
You climb downwards.
Found a scroll labeled NEARAINORGH.
There is a stone staircase leading up here.
Some of the chunks of flesh in your inventory have rotted away.
f - 2 scrolls labeled NEARAINORGH (gained 1)
Found 14 gold pieces.
Save game and exit?
Welcome back, NoNouf the Ogre Transmuter.
Press ? for a list of commands and other information.
Are you sure you want to abandon this character and quit the game? (Confirm with "yes".)

#.# #. #.# #. #.# #. #
#.# #. #.####<# #.
#......# #. ####...#
#.##########...##..
#.@................
#.....###########......
#..... #...... #.....
#...... #..... #......
.....$. #...... .....#.
...... .....#.


There were no monsters in sight!

Vanquished Creatures
  A dart slug (D:1)
  A leopard gecko (D:1)
  A ball python (D:1)
  A bat (D:1)
  4 goblins (D:1)
  A hobgoblin (D:1)
  4 kobolds (D:1)
  2 frilled lizards (D:1)
  A rat (D:1)
16 creatures vanquished.

Notes
Turn   | Place    | Note
-------+----------+-------------------------------------------
     0 | D:1      | NoNouf the Ogre Transmuter began the quest for the Orb.
     0 | D:1      | Reached XP level 1. HP: 19/19 MP: 3/3
   151 | D:1      | Reached XP level 2. HP: 23/28 MP: 3/5
   256 | D:1      | Learned a level 2 spell: Sticks to Snakes
   548 | D:2      | Quit the game

Skill      XL: |  1  2 |
---------------+-------+-----
Fighting       | 2 |  2.4
Dodging        | 2 |  2.2
Transmutations | 2 |  2.0
Unarmed Combat | |  2.6
Spellcasting   | |  2.5

Action                   || total
-------------------------++-------
Melee: Unarmed           ||    53
       Kick              ||     5
       Headbutt          ||     2
       Punch             ||     1
Throw: Large rock        ||     1
 Cast: Beastly Appendage ||     8
Armor: Robe              ||     7
Dodge: Dodged            ||    28
